 Dungeon Crawl Stone Soup version 0.20.1-1-g8b1a95d (webtiles) character file.

192 UrkaryOn the Grave Robber (level 5, -11/35 HPs)
             Began as a Demonspawn Necromancer on Sept 20, 2017.
             Killed from afar by Timinator's ghost (16 damage)
             ... with a puff of frost
             ... on level 4 of the Dungeon.
             The game lasted 00:43:18 (4796 turns).

UrkaryOn the Grave Robber (Demonspawn Necromancer)  Turns: 4796, Time: 00:43:19

Health: -11/35     AC:  4    Str:  8    XL:     5   Next: 42%
Magic:  9/10       EV: 12    Int: 18    God:
Gold:   198        SH:  0    Dex: 13    Spells: 2/11 levels left

rFire    . . .     SeeInvis .   l - +3 short sword (vamp)
rCold    . . .     Gourm    .   (no shield)
rNeg     . . .     Faith    .   (no armour)
rPois    .         Spirit   .   (no helmet)
rElec    .         Reflect  .   (no cloak)
rCorr    .         Harm     .   z - +0 pair of gloves
MR       .....                  (no boots)
Stlth    ++........             (no amulet)
Regen    0.2/turn               (no ring)
MPRegen  0.2/turn               (no ring)

@: no status effects
A: talons 1, yellow scales 2, powered by death 1
a: no special abilities


You were on level 4 of the Dungeon.
You were not hungry.

You visited 1 branch of the dungeon, and saw 4 of its levels.

You collected 198 gold pieces.

Inventory:

Hand Weapons
 d - a +0 mace
 i - a +0 dagger
 l - a +3 vampiric short sword (weapon)
 r - a +0 short sword
 v - a +0 dagger
 w - a +0 hunting sling
 y - a +0 dagger
 A - a +0 dagger
 C - a +0 dagger
Missiles
 g - 26 bolts
 j - 118 stones (quivered)
Armour
 a - a +0 robe
 z - a +0 pair of gloves (worn)
 B - a +0 scale mail
Jewellery
 f - an uncursed amulet of inaccuracy
 p - an uncursed amulet of faith
Wands
 u - a wand of random effects (25/48)
Scrolls
 c - 3 scrolls of identify
 e - 5 scrolls of remove curse
 m - a scroll of enchant weapon
 o - a scroll of fear {unknown}
 t - a scroll of amnesia
Potions
 k - a potion of heal wounds
 q - a potion of resistance {unknown}
 s - a potion of haste {unknown}
Books
 b - a book of Necromancy

   Spells                             Type                      Level
   a - Pain                           Necromancy                   1
   b - Animate Skeleton               Necromancy                   1
   c - Vampiric Draining              Necromancy                   3
   d - Regeneration                   Charms/Necromancy            3
   e - Animate Dead                   Necromancy                   4
   f - Control Undead                 Necromancy                   4
Comestibles
 h - 2 meat rations
 n - 5 royal jellies
 x - a bread ration
 D - 2 fruits


   Skills:
 + Level 1.0 Short Blades
 + Level 2.1 Dodging
 + Level 2.3 Stealth
 + Level 3.7 Spellcasting
 + Level 5.5 Necromancy


You had 2 spell levels left.
You knew the following spells:

 Your Spells              Type           Power        Failure   Level  Hunger
a - Pain                  Necr           ###.         1%          1    None
b - Animate Skeleton      Necr           N/A          1%          1    None
c - Vampiric Draining     Necr           ###.......   4%          3    ###....
d - Animate Dead          Necr           N/A          16%         4    ####...


Dungeon Overview and Level Annotations

Branches:
Dungeon (4/15)
 Temple: D:4-7

Altars:

Annotations:
D:3 Tinttamiau's ghost, amateur MiFi
D:4 Timinator's ghost, amateur DEIE


Innate Abilities, Weirdness & Mutations

You have sharp toenails.
You are mostly covered in yellow scales. (AC +3)
You regenerate a little health from kills.


Message History

Your ball python zombie bites Timinator's ghost but does no damage.
You completely miss Timinator's ghost.
Timinator's ghost is lightly damaged.
Timinator's ghost casts a spell at you. The puff of frost misses you.
Your ball python zombie bites Timinator's ghost but does no damage.
Timinator's ghost keens inconsolably.
Timinator's ghost whispers, "Meet the emptiness of death!"
Timinator's ghost gestures at you while chanting.
The puff of frost hits you!
Your ball python zombie bites Timinator's ghost.
You see here 18 gold pieces.
Timinator's ghost wails, "You will join me soon!"
Timinator's ghost points at you and mumbles some strange words.
The puff of frost hits you!
* * * LOW HITPOINT WARNING * * *
Your ball python zombie bites Timinator's ghost.
Timinator's ghost casts a spell at you. The puff of frost hits you!
You die...

.. #.##.# #. #.##.##.# #.
######.##.##.####.
'.................
#......#.#..####.
#........#.......
#.....#..#.######
#################.....#..#.#
#...........ZW..@.....'..#.#
#.###############.....#..#.#
#.# #######.##.###### #Z#
#............ #.#
##.#.#....... #'##
...#.#....... .(.#
#####.#....... ...#
#.#....... ...# #.#.......


You could see Timinator's ghost and a friendly ball python zombie.

Vanquished Creatures
  A bullfrog skeleton (D:4)
  2 worker ants
  4 adders
  An adder skeleton (D:4)
  2 worms
  A dart slug (D:2)
  2 leopard geckos
  2 orcs (D:3)
  2 ball pythons
  4 giant cockroaches
  8 goblins
  6 hobgoblins
  9 jackals
  6 bats
  4 frilled lizards
  6 kobolds
  9 rats
69 creatures vanquished.

Vanquished Creatures (collateral kills)
  2 goblins
  A frilled lizard (D:1)
  2 rats
5 creatures vanquished.

Grand Total: 74 creatures vanquished

Notes
Turn   | Place    | Note
-------+----------+-------------------------------------------
     0 | D:1      | UrkaryOn the Demonspawn Necromancer began the quest for the Orb.
     0 | D:1      | Reached XP level 1. HP: 13/13 MP: 3/3
     2 | D:1      | Learned a level 1 spell: Animate Skeleton
   514 | D:1      | Gained mutation: You are partially covered in yellow scales. (AC +2) [demonic ancestry]
   514 | D:1      | Reached XP level 2. HP: 5/19 MP: 1/5
  1167 | D:1      | Reached skill level 5 in Necromancy
  1344 | D:1      | Gained mutation: You are mostly covered in yellow scales. (AC +3) [demonic ancestry]
  1344 | D:1      | Reached XP level 3. HP: 21/24 MP: 1/6
  1862 | D:2      | Learned a level 3 spell: Vampiric Draining
  2154 | D:2      | Gained mutation: You have sharp toenails. [demonic ancestry]
  2154 | D:2      | Reached XP level 4. HP: 23/30 MP: 5/8
  2569 | D:2      | Learned a level 4 spell: Animate Dead
  3037 | D:3      | Noticed Tinttamiau's ghost (amateur MiFi)
  3740 | D:3      | Gained mutation: You regenerate a little health from kills. [demonic ancestry]
  3740 | D:3      | Reached XP level 5. HP: 34/35 MP: 2/10
  4355 | D:4      | Noticed Timinator's ghost (amateur DEIE)
  4517 | D:4      | Reached skill level 1 in Short Blades
  4796 | D:4      | Killed from afar by Timinator's ghost

Skill      XL: |  1  2  3  4  5 |
---------------+----------------+-----
Necromancy     | 5 |  5.5
Dodging        | 2 |  2.1
Stealth        | 2 |  2.3
Spellcasting   | 3 |  3.7
Short Blades   | 1 |  1.0

Action                   |  1- 3 |  4- 6 || total
-------------------------+-------+-------++-------
Melee: Mace              |    11 |       ||    11
       Short sword       |    58 |    38 ||    96
       Kick              |       |     7 ||     7
Throw: Stone             |       |     1 ||     1
 Cast: Pain              |    45 |    43 ||    88
       Animate Skeleton  |     5 |     3 ||     8
       Vampiric Draining |     2 |     3 ||     5
       Animate Dead      |       |     6 ||     6
Evoke: Wand              |       |     2 ||     2
  Use: Scroll            |     3 |     2 ||     5
       Potion            |       |     1 ||     1
 Stab: Distracted        |     1 |       ||     1
       Sleeping          |     6 |     3 ||     9
  Eat: Chunk             |     5 |     5 ||    10
       Bread ration      |     1 |     1 ||     2
Armor: Robe              |    28 |    14 ||    42
       Skin              |       |     4 ||     4
Dodge: Dodged            |    64 |    45 ||   109
